 Dungeon Crawl Stone Soup version 0.13.0-17-g5f0e85f (webtiles) character file.

420 HungrySpirit the Covert (level 6, 0/39 HPs)
             Began as an Octopode Assassin on Oct 21, 2013.
             Was an Initiate of Nemelex Xobeh.
             Slain by Grinder (6 damage)
             ... on Level 4 of the Dungeon.
             The game lasted 00:08:19 (2878 turns).

HungrySpirit the Covert (Octopode Assassin)         Turns: 2878, Time: 00:08:21

HP   0/39        AC  1     Str 11      XL: 6   Next: 20%
MP   5/5         EV 13     Int 13      God: Nemelex Xobeh [......]
Gold 155         SH  0     Dex 15      Spells:  0 memorised,  5 levels left

Res.Fire  : . . .   See Invis. : .   a - +2 dagger {=f}
Res.Cold  : . . .   Warding    : .   (no shield)
Life Prot.: . . .   Conserve   : .   (helmet restricted)
Res.Poison: .       Res.Corr.  : .   (no amulet)
Res.Elec. : .       Clarity    : .   q - ring of protection from magic
Sust.Abil.: . .     Spirit.Shd : .   (no ring)
Res.Mut.  : .       Stasis     : .   (no ring)
Res.Rott. : .       Flight     : .   (no ring)
Saprovore : . . .                    (no ring)
                                     (no ring)
                                     (no ring)
                                     (no ring)

@: somewhat resistant to hostile enchantments, extremely stealthy
A: almost no armour, amphibious, 8 rings, constrict 8, camouflage 1, AC +1
a: Renounce Religion


You were on level 4 of the Dungeon.
You worshipped Nemelex Xobeh.
Nemelex Xobeh was noncommittal.
You were not hungry.

You visited 2 branches of the dungeon, and saw 5 of its levels.

You collected 105 gold pieces.

Inventory:

Hand weapons
 a - a +2,+2 dagger (weapon) {=f}
 b - a +0 blowgun
Missiles
 e - 25 poisoned needles
 f - 2 curare-tipped needles
Comestibles
 d - a pear
 g - 5 bread rations
 l - 2 meat rations
Scrolls
 c - a scroll of noise
 h - 2 scrolls of teleportation
 i - a scroll of identify
 j - a scroll of remove curse {unknown}
 o - a scroll of curse weapon {unknown}
Jewellery
 q - a ring of protection from magic (left tentacle)
Potions
 k - a potion of restore abilities
 m - 2 potions of heal wounds
 n - a potion of curing
Miscellaneous
 p - a plain deck of destruction {drawn: 3}


   Skills:
 - Level 2.0 Fighting
 + Level 3.3 Short Blades
 - Level 2.0 Throwing
 * Level 3.3 Dodging
 * Level 8.0 Stealth


You had 5 spell levels left.
You didn't know any spells.

Dungeon Overview and Level Annotations

Branches:
Dungeon (4/27)             Temple (1/1) D:4

Altars:
Ashenzari
Cheibriados
Elyvilon
Fedhas
Kikubaaqudgha
Nemelex Xobeh
Okawaru
Sif Muna
Trog
Vehumet
Yredelemnul
the Shining One

Annotations:
D:4 Grinder


Innate Abilities, Weirdness & Mutations

You cannot wear most types of armour.
You are amphibious.
You can wear up to eight rings at the same time.
You can use your tentacles to constrict many enemies at once.
Your skin changes colour to match your surroundings (Stlth).
Your rubbery body absorbs attacks (AC +1).


Message History

You resist.
You hit Grinder but do no damage.
Grinder is moderately wounded.
You constrict Grinder. Grinder closely misses you.
You hit Grinder but do no damage.
Grinder is heavily wounded.
You constrict Grinder. You hit Grinder but do no damage.
Grinder is heavily wounded.
You constrict Grinder. Grinder hits you!
You writhe in agony.
You hit Grinder but do no damage. You squeeze Grinder!
Grinder is severely wounded.
You constrict Grinder. Grinder hits you!
You writhe in agony.
You barely miss Grinder.
Grinder is almost dead.
You constrict Grinder. Grinder hits you.
* * * LOW HITPOINT WARNING * * *
You writhe in agony.
You die...
Your body disappears without a glow.

#####........# ##
......##........#
.......##........#
#$..|...##........#
#.......##........#
#......(##........#.###
#......##........#.#..
####......##........#.#.#
.......5@................
##........######.........
#........##[............
#...#######.............
#.. #............. .
#...%.......%.
#..........#'#
#..........#.#
#..........#^.


You could see Grinder.

Vanquished Creatures
  An ogre (D:4)
  2 worker ants (D:4)
  5 adders
  A worm (D:3)
  A giant eyeball (D:4)
  4 giant geckos
  An ooze (D:3)
  An orc (D:3)
  6 giant cockroaches
  8 goblins
  10 hobgoblins
  6 jackals
  10 kobolds
  A quokka (D:3)
  13 bats
  4 giant newts
  8 rats
82 creatures vanquished.

Notes
Turn   | Place    | Note
--------------------------------------------------------------
     0 | D:1      | HungrySpirit, the Octopode Assassin, began the quest for the Orb.
     0 | D:1      | Reached XP level 1. HP: 13/13 MP: 0/0
   204 | D:1      | Reached XP level 2. HP: 16/18 MP: 1/1
   478 | D:1      | Reached skill level 6 in Stealth
   869 | D:2      | Reached XP level 3. HP: 23/23 MP: 2/2
  1298 | D:2      | Reached XP level 4. HP: 17/29 MP: 3/3
  1665 | D:3      | Found a shattered altar of Ashenzari.
  1665 | D:3      | Found a radiant altar of Vehumet.
  1667 | D:3      | Found a white marble altar of Elyvilon.
  1667 | D:3      | Found a basalt altar of Yredelemnul.
  2178 | D:3      | Found a blossoming altar of Fedhas.
  2206 | D:3      | Reached skill level 7 in Stealth
  2547 | D:4      | Noticed an ogre
  2552 | D:4      | Killed an ogre
  2552 | D:4      | Reached XP level 5. HP: 34/34 MP: 4/4
  2639 | D:4      | Found a staircase to the Ecumenical Temple.
  2646 | D:4      | Found an iron altar of Okawaru.
  2667 | Temple   | Entered the Ecumenical Temple
  2696 | Temple   | Became a worshipper of Nemelex Xobeh
  2713 | D:4      | Received a gift from Nemelex Xobeh
  2821 | D:4      | Reached skill level 8 in Stealth
  2821 | D:4      | Reached XP level 6. HP: 32/39 MP: 5/5
  2860 | D:4      | Noticed Grinder
  2878 | D:4      | Slain by Grinder

Action                   |  1- 3 |  4- 6 || total
-------------------------+-------+-------++-------
Melee: Dagger            |    68 |    97 ||   165
Evoke: Deck              |       |     3 ||     3
  Use: Scroll            |       |     8 ||     8
 Stab: Sleeping          |     8 |    19 ||    27
       Distracted        |       |     1 ||     1
